 Dungeon Crawl Stone Soup version 0.17-a0-488-g0a147b9 (webtiles) character file.

2175 nubinia the Geomancer (level 9, -9/49 HPs)
             Began as a Gargoyle Earth Elementalist on Apr 9, 2015.
             Was a Believer of Sif Muna.
             Mangled by an orc warrior
             ... wielding a +0 halberd
              (13 damage)
             ... on level 7 of the Dungeon.
             The game lasted 00:46:44 (7402 turns).

nubinia the Geomancer (Gargoyle Earth Elementalist) Turns: 7402, Time: 00:46:44

Health: -9/49      AC: 13    Str: 13    XL:     9   Next: 32%
Magic:  5/16       EV:  8    Int: 18    God:    Sif Muna [**....]
Gold:   271        SH:  0    Dex: 10    Spells: 5 memorised, 3 levels left

rFire  . . .     SeeInvis .     b - 75 stones
rCold  . . .     Clarity  .     f - +1 leather armour (curse)
rNeg   + . .     SustAb   .     (no shield)
rPois  ∞         Gourm    .     (no helmet)
rElec  +         Spirit   .     (no cloak)
rCorr  .         Warding  .     (no gloves)
rMut   .         Stasis   .     (no boots)
MR     .....                    (no amulet)
Stlth  ++........               (no ring)
                                (no ring)

@: stone skin, not resistant to hostile enchantments, unstealthy
A: negative energy resistance 1, electricity resistance, unbreathing,
petrification resistance, rot immunity, AC +5
a: Channel Energy, Forget Spell, Renounce Religion


You were on level 7 of the Dungeon.
You worshipped Sif Muna.
Sif Muna was pleased with you.
You were not hungry.

You visited 2 branches of the dungeon, and saw 8 of its levels.

You collected 271 gold pieces.

Inventory:

Hand weapons
 a - a +4 flail of crushing
 r - a +2 flail of holy wrath
 t - a +0 club
Missiles
 b - 75 stones (in hand)
Armour
 c - a +0 robe
 f - a cursed +1 leather armour (worn)
 w - the +8 plate armour of Pride {rC+}
   (You found it on level 4 of the Dungeon)

   It protects you from cold.
Jewellery
 j - an uncursed ring of teleportation
Magical devices
 q - a wand of disintegration (24)
 y - a wand of frost (21)
Scrolls
 g - 2 scrolls of amnesia
 i - a scroll of blinking
 k - a scroll of magic mapping
 n - 3 scrolls of remove curse
 x - a scroll of teleportation
 F - a scroll of random uselessness
Potions
 e - 2 potions of might
 l - 2 potions of flight
 m - 2 potions of curing
 s - 2 potions of brilliance
 v - 2 potions of restore abilities
 z - 2 potions of invisibility
 A - a potion of resistance
 B - a potion of heal wounds
 D - a potion of berserk rage {unknown}
 E - a potion of haste
Books
 d - a book of Geomancy

   Spells                             Type                      Level
   a - Sandblast                      Earth                        1
   b - Stoneskin                      Transmutation/Earth          2
   c - Passwall                       Transmutation/Earth          3
   d - Stone Arrow                    Conjuration/Earth            3
   e - Petrify                        Transmutation/Earth          4
   f - Lee's Rapid Deconstruction     Earth                        5
Comestibles
 h - 8 bread rations
 o - a chunk of flesh
 p - 3 fruits
 C - a beef jerky


   Skills:
 + Level 2.5 Fighting
 + Level 2.6 Maces & Flails
 * Level 4.7 Armour
 + Level 4.2 Dodging
 + Level 3.2 Stealth
 + Level 4.8 Spellcasting
 * Level 4.0 Conjurations
 + Level 1.2 Transmutations
 * Level 8.1 Earth Magic
 + Level 1.8 Invocations


You had 3 spell levels left.
You knew the following spells:

 Your Spells              Type           Power        Failure   Level  Hunger
a - Sandblast             Erth           ####..       1%          1    None
b - Stone Arrow           Conj/Erth      ####..       4%          3    ###....
c - Passwall              Trmt/Erth      ###.......   10%         3    ###....
d - Lee's Rapid Deconstr  Erth           ####......   21%         5    ######.
s - Stoneskin             Trmt/Erth      ###.....     4%          2    #......


Dungeon Overview and Level Annotations

Branches:
Dungeon (7/15)             Temple (1/1) D:4

Altars:
Gozag
Makhleb
Nemelex Xobeh
Sif Muna
Vehumet
Xom
Yredelemnul
Zin
The Shining One

Shops:
D:5 [


Innate Abilities, Weirdness & Mutations

You are resistant to torment.
Your stone body is resilient (AC +5).
You are immune to poison.
You resist negative energy.
You are resistant to electric shocks.
You can survive without breathing.
You are immune to petrification.
You are immune to rotting.


Message History

The orc wizard hits you but does no damage.
The phantom closely misses you. The orc warrior misses you.
The orc wizard hits you but does no damage.
Casting: Sandblast
Confirm with . or Enter, or press ? or * to list all spells.
Aiming: Sandblast
Press: ? - help, Shift-Dir - straight line, f/p - orc warrior
Aim: an orc warrior, wielding a halberd and wearing a chain mail (almost dead)
The rocky blast hits the phantom.
You destroy the phantom!
You can now freely open your mind to new spells.
The orc wizard points at you and mumbles some strange words.
The magic dart hits you!
The orc warrior hits you from afar with a halberd!
* * * LOW HITPOINT WARNING * * *
The orc wizard points at you and mumbles some strange words.
The magic dart hits you!
* * * LOW HITPOINT WARNING * * *
The orc warrior hits you from afar with a halberd!
You die...

#+ #..##.#.#.....
#..#.....#.....#.......
#. #...#...............
# #...#......###......
#.########## ##..... ##
###... #.## ..#


You could see an orc warrior and an orc wizard.

Vanquished Creatures
  Prince Ribbit (D:5)
  A spriggan (D:7)
  Menkaure (D:6)
  2 ice beasts (D:5)
  A wasp (D:7)
  2 ogres
  A centaur (D:7)
  2 phantoms
  A sky beast (D:7)
  A giant frog (D:6)
  A scorpion (D:5)
  A crimson imp (D:5)
  A centaur skeleton (D:4)
  2 orc priests (D:6)
  8 orc wizards
  A hound (D:6)
  An iguana (D:5)
  3 worker ants (D:4)
  A worker ant zombie (D:5)
  3 gnolls (D:5)
  13 adders
  4 worms
  An ooze (D:6)
  23 orcs
  10 bats
  4 giant cockroaches
  10 goblins
  6 hobgoblins
  5 quokkas
  3 ball pythons
  3 giant geckos
  4 giant newts
  A giant spore (D:4)
  7 jackals
  10 kobolds
  A quokka skeleton (D:5)
  17 rats
  3 ballistomycetes (D:4)
160 creatures vanquished.

Notes
Turn   | Place    | Note
--------------------------------------------------------------
     0 | D:1      | nubinia, the Gargoyle Earth Elementalist, began the quest for the Orb.
     0 | D:1      | Reached XP level 1. HP: 10/10 MP: 3/3
   640 | D:2      | Reached XP level 2. HP: 12/15 MP: 1/5
   886 | D:2      | Reached skill level 1 in Armour
   886 | D:2      | Reached skill level 4 in Earth Magic
  1064 | D:2      | Reached XP level 3. HP: 5/19 MP: 0/6
  1068 | D:2      | Learned a level 2 spell: Stoneskin
  1072 | D:2      | Learned a level 3 spell: Stone Arrow
  1742 | D:2      | Reached XP level 4. HP: 24/24 MP: 2/7
  2604 | D:3      | Reached skill level 5 in Earth Magic
  2621 | D:3      | Reached XP level 5. HP: 24/28 MP: 1/9
  3734 | D:4      | Reached XP level 6. HP: 25/33 MP: 10/10
  3827 | D:4      | Got a transparent plate armour
  3838 | D:4      | Identified the +8 plate armour of Pride {rC+} (You found it on level 4 of the Dungeon)
  3856 | D:4      | Found a basalt altar of Yredelemnul.
  3907 | D:4      | Reached skill level 1 in Maces & Flails
  3918 | D:4      | Learned a level 3 spell: Passwall
  4509 | D:4      | Reached skill level 1 in Fighting
  4584 | D:4      | Found a staircase to the Ecumenical Temple.
  4590 | Temple   | Entered the Ecumenical Temple
  4605 | Temple   | Became a worshipper of Sif Muna the Loreminder
  4764 | D:5      | Entered Level 5 of the Dungeon
  4806 | D:5      | Found Caitex's Armour Shop.
  4824 | D:5      | Reached skill level 1 in Conjurations
  4824 | D:5      | Reached XP level 7. HP: 15/38 MP: 4/12
  5036 | D:5      | Reached skill level 1 in Transmutations
  5099 | D:5      | Noticed Prince Ribbit
  5634 | D:5      | Reached skill level 6 in Earth Magic
  5856 | D:5      | Killed Prince Ribbit
  5856 | D:5      | Reached XP level 8. HP: 30/44 MP: 7/13
  5966 | D:5      | Acquired Sif Muna's first power
  6373 | D:5      | Reached skill level 7 in Earth Magic
  6631 | D:6      | Found a sparkling altar of Nemelex Xobeh.
  6724 | D:6      | Noticed Menkaure
  6726 | D:6      | Killed Menkaure
  6726 | D:6      | Reached skill level 1 in Invocations
  7063 | D:7      | Reached XP level 9. HP: 45/49 MP: 5/15
  7094 | D:7      | Learned a level 5 spell: Lee's Rapid Deconstruction
  7254 | D:7      | Reached skill level 8 in Earth Magic
  7401 | D:7      | Acquired Sif Muna's second power
  7402 | D:7      | Mangled by an orc warrior

Action                   |  1- 3 |  4- 6 |  7- 9 || total
-------------------------+-------+-------+-------++-------
Melee: Club              |    40 |   117 |       ||   157
       Flail             |       |   116 |   141 ||   257
 Cast: Sandblast         |    47 |    84 |    60 ||   191
       Stoneskin         |       |     5 |    10 ||    15
       Stone Arrow       |       |     1 |     9 ||    10
Invok: Channel Energy    |       |       |    23 ||    23
  Use: Scroll            |     1 |     8 |    11 ||    20
 Stab: Sleeping          |       |     1 |     3 ||     4
       Distracted        |       |       |     1 ||     1
  Eat: Chunk             |     3 |    11 |    12 ||    26
       Fruit             |       |       |     1 ||     1
